 Dungeon Crawl Stone Soup version 0.20.1-1-g8b1a95d (webtiles) character file.

10749 homeworkjunkie the Cleaver (level 11, -27/97 HPs)
             Began as a Hill Orc Fighter on Nov 14, 2017.
             Was a High Priest of Okawaru.
             Killed from afar by an orc sorcerer (29 damage)
             ... with a bolt of negative energy
             ... while paralysed by an orc sorcerer
             ... on level 2 of the Orcish Mines.
             The game lasted 00:21:39 (11760 turns).

homeworkjunkie the Cleaver (Hill Orc Fighter)      Turns: 11760, Time: 00:21:40

Health: -27/97     AC: 17    Str: 22    XL:     11   Next: 67%
Magic:  14/14      EV:  2    Int:  8    God:    Okawaru [*****.]
Gold:   862        SH:  0    Dex: 11    Spells: 10/10 levels left

rFire    . . .     SeeInvis .   A - +4 broad axe (freeze)
rCold    . . .     Gourm    .   c - +0 shield
rNeg     . . .     Faith    .   j - +0 plate armour
rPois    .         Spirit   .   d - +0 helmet
rElec    .         Reflect  .   (no cloak)
rCorr    .         Harm     .   b - +0 pair of gloves
MR       .....                  g - +0 pair of boots
Stlth    ..........             (no amulet)
Regen    0.3/turn               p - ring of flight
MPRegen  0.2/turn               (no ring)

@: paralysed, heavily drained
A: no striking features
a: Heroism, Finesse, Renounce Religion, Evoke Flight


You were on level 2 of the Orcish Mines.
You worshipped Okawaru.
Okawaru was extremely pleased with you.
You were not hungry.

You visited 2 branches of the dungeon, and saw 13 of its levels.
You also visited: Ossuary.

You collected 862 gold pieces.

Inventory:

Hand Weapons
 a - a +0 war axe
 m - a +3 hand axe of electrocution
 A - a +4 broad axe of freezing (weapon)
 L - a +1 battleaxe of chopping
 M - a +0 short sword
Missiles
 r - 7 tomahawks of dispersal
 u - 22 tomahawks (quivered)
 y - 5 javelins
Armour
 b - a +0 pair of gloves (worn)
 c - a +0 shield (worn)
 d - a +0 helmet (worn)
 g - a +0 pair of boots (worn)
 j - a +0 plate armour (worn)
Jewellery
 p - a ring of flight (left hand)
Wands
 k - a wand of iceblast (15/15)
 w - a wand of flame (37/48)
 x - a wand of acid (6/15)
 B - a wand of iceblast (9/15)
 C - a wand of confusion (33/48)
 F - a wand of enslavement (6/24)
 I - a wand of flame (24/48)
Scrolls
 h - 8 scrolls of remove curse
 s - a scroll of immolation
 G - a scroll of fog {unknown}
 K - a scroll of brand weapon {unknown}
Potions
 e - 3 potions of flight
 i - 3 potions of curing
 l - 2 potions of lignification
 n - a potion of cancellation
 o - a potion of ambrosia
 q - 2 potions of haste
 v - a potion of might
 z - 2 potions of magic
 E - a potion of brilliance {unknown}
 J - 2 potions of degeneration {unknown}
Comestibles
 f - 6 bread rations
 t - 2 meat rations
 D - 2 royal jellies
 H - 24 fruits


   Skills:
 * Level 9.1(7.7) Fighting
 * Level 13.9(12.3) Axes
 * Level 9.7(8.3) Armour
 + Level 1.2(0.1) Dodging
 + Level 0.6(0.0) Stealth
 * Level 9.7(8.2) Shields
 * Level 4.0(2.8) Evocations


You had 10 spell levels left.
You didn't know any spells.

Dungeon Overview and Level Annotations

Branches:
Dungeon (11/15)            Temple (0/1) D:7            Lair (0/6) D:9
    Orc (2/2) D:9             Elf (0/3) Orc:2

Altars:
Ashenzari
Cheibriados
Dithmenos
Elyvilon
Nemelex Xobeh
Okawaru
Ru
Sif Muna
Trog

Shops:
D:9 !


Message History

The bolt of fire hits you!
* * * LOW HITPOINT WARNING * * *
The orc sorcerer hits you but does no damage.
You feel better.
The orc sorcerer hits you with a dagger.
* * * LOW HITPOINT WARNING * * *
You block the orc sorcerer's attack.
You feel better.
The orc sorcerer points at you and mumbles some strange words.
You suddenly lose the ability to move!
The orc sorcerer hits you but does no damage.
The orc sorcerer casts a spell at you.
Helpless, you fail to dodge the bolt of negative energy.
You feel drained.
* * * LOW HITPOINT WARNING * * *
The orc sorcerer hits you but does no damage.
The orc sorcerer hits you but does no damage.
The orc sorcerer gestures at you while chanting.
The bolt of negative energy hits you!
You feel drained.
You die...

...$.......#
...........##
............#
............##
.............#
............#
......o)...#
.......o@.#.##
..............#
....#........##
.............#
..........#.##
.....#....###
.........##
........##
..#...#.#####


You could see 2 orc sorcerers.

Vanquished Creatures
  A two-headed ogre (D:10)
  Joseph (D:7)
  Psyche (D:8)
  A hippogriff (D:10)
  A vampire (D:9)
  The ghost of homeworkjunkie the Skirmisher, an amateur HOFi (D:5)
  A wyvern (D:10)
  6 yaks (D:9)
  A warg (Orc:2)
  Menkaure (D:7)
  An ice beast (D:5)
  2 sky beasts
  2 black bears
  An eye of draining (D:10)
  15 orc warriors
  9 ogres
  2 phantoms
  4 centaurs
  A big kobold (D:10)
  An elf zombie (Ossuary)
  4 bullfrogs
  3 scorpions
  3 jellies (D:8)
  12 killer bees
  2 howler monkeys (D:8)
  17 wights
  2 centaur zombies
  3 crimson imps
  A bullfrog zombie (D:10)
  5 hounds
  13 orc wizards
  19 orc priests
  A gnoll shaman (D:4)
  2 centaur skeletons
  Jessica (D:2)
  4 iguanas
  6 worker ants
  A big kobold zombie (Ossuary)
  3 hound zombies (Ossuary)
  3 mummies (Ossuary)
  2 hound skeletons
  Robin (D:3)
  A howler monkey skeleton (D:4)
  5 gnolls
  9 adders
  A shadow imp (D:8)
  An ooze (D:3)
  5 adder zombies
  7 worms
  3 dart slugs
  6 leopard geckos
  45 orcs
  5 giant cockroaches
  9 goblins
  14 hobgoblins
  7 jackals
  6 quokkas
  A ball python (D:3)
  6 bats
  7 frilled lizards
  3 gnoll zombies (Ossuary)
  2 goblin zombies (Ossuary)
  3 hobgoblin zombies (Ossuary)
  3 jackal zombies (Ossuary)
  6 kobolds
  A kobold zombie (Ossuary)
  A leopard gecko zombie (D:5)
  An orc zombie (Ossuary)
  3 quokka zombies (Ossuary)
  12 rats
  5 rat zombies (Ossuary)
339 creatures vanquished.

Notes
Turn   | Place    | Note
-------+----------+-------------------------------------------
     0 | D:1      | homeworkjunkie the Hill Orc Fighter began the quest for the Orb.
     0 | D:1      | Reached XP level 1. HP: 19/19 MP: 1/1
   138 | D:2      | Reached XP level 2. HP: 12/27 MP: 2/2
   149 | D:2      | Reached XP level 3. HP: 12/33 MP: 3/3
   527 | D:2      | Noticed Jessica
   545 | D:2      | Killed Jessica
   545 | D:2      | Reached skill level 3 in Axes
   545 | D:2      | Reached XP level 4. HP: 28/40 MP: 4/4
   856 | D:2      | Found an iron altar of Okawaru.
   882 | D:2      | Became a worshipper of Warmaster Okawaru
  1487 | D:3      | Noticed Robin
  1500 | D:3      | Killed Robin
  1500 | D:3      | Reached XP level 5. HP: 24/47 MP: 5/5
  1784 | D:3      | Found a sparkling altar of Nemelex Xobeh.
  1899 | D:3      | Reached skill level 4 in Axes
  2140 | D:3      | Found a sacrificial altar of Ru.
  2140 | D:3      | Found a snail-covered altar of Cheibriados.
  2141 | D:3      | Found a white marble altar of Elyvilon.
  2278 | D:3      | Reached XP level 6. HP: 50/55 MP: 6/6
  2472 | D:2      | Reached skill level 5 in Fighting
  3209 | D:4      | Reached skill level 5 in Axes
  3216 | D:4      | Reached * piety under Okawaru
  3417 | D:4      | Noticed a black bear
  3423 | D:4      | Reached skill level 6 in Axes
  3423 | D:4      | Reached skill level 5 in Armour
  3423 | D:4      | Reached XP level 7. HP: 49/61 MP: 7/7
  3425 | D:4      | Reached skill level 5 in Shields
  3586 | D:5      | Entered Level 5 of the Dungeon
  3588 | D:5      | Noticed homeworkjunkie's ghost (amateur HOFi)
  3714 | D:4      | Reached ** piety under Okawaru
  4006 | D:5      | Killed homeworkjunkie's ghost
  4006 | D:5      | Reached skill level 7 in Axes
  4006 | D:5      | Reached XP level 8. HP: 58/70 MP: 8/8
  4276 | D:6      | Found a sand-covered staircase.
  4283 | Ossuary  | Entered an ossuary
  4389 | Ossuary  | Reached skill level 8 in Axes
  4579 | D:6      | Reached *** piety under Okawaru
  4581 | D:6      | Reached skill level 9 in Axes
  4745 | D:6      | Reached XP level 9. HP: 66/78 MP: 9/9
  4752 | D:6      | Reached skill level 1 in Dodging
  5034 | D:6      | Found a deep blue altar of Sif Muna.
  5688 | D:6      | Reached skill level 10 in Axes
  6160 | D:7      | Found a staircase to the Ecumenical Temple.
  6608 | D:7      | Reached **** piety under Okawaru
  6697 | D:7      | Noticed Joseph
  6709 | D:7      | Killed Joseph
  6709 | D:7      | Reached skill level 1 in Evocations
  7015 | D:7      | Noticed Menkaure
  7025 | D:7      | Killed Menkaure
  7025 | D:7      | Reached XP level 10. HP: 47/86 MP: 9/11
  7060 | D:7      | Reached skill level 11 in Axes
  7420 | D:8      | Found a bloodstained altar of Trog.
  7426 | D:8      | Noticed Psyche
  7753 | D:9      | Found a shattered altar of Ashenzari.
  8397 | D:9      | Found Damarr's Distillery.
  8458 | D:8      | Found a shadowy altar of Dithmenos.
  8514 | D:8      | Reached ***** piety under Okawaru
  8543 | D:8      | Killed Psyche
  8991 | D:10     | Entered Level 10 of the Dungeon
  8995 | D:10     | Reached skill level 12 in Axes
  9021 | D:9      | Found a staircase to the Lair.
  9332 | D:9      | Received a gift from Okawaru
  9542 | D:9      | Found a staircase to the Orcish Mines.
  9589 | D:10     | Reached XP level 11. HP: 88/95 MP: 4/13
 10045 | D:10     | Noticed a two-headed ogre
 10053 | D:10     | Killed a two-headed ogre
 10053 | D:10     | Reached skill level 13 in Axes
 10145 | D:10     | Received a gift from Okawaru
 10451 | Orc:1    | Entered Level 1 of the Orcish Mines
 10465 | Orc:2    | Entered Level 2 of the Orcish Mines
 10648 | Orc:1    | Noticed a stone giant
 10655 | Orc:1    | Noticed an orc knight
 11726 | Orc:2    | Found a staircase to the Elven Halls.
 11747 | Orc:2    | Noticed an orc sorcerer
 11748 | Orc:2    | Noticed an orc sorcerer
 11749 | Orc:2    | Paralysed by an orc sorcerer for 4 turns
 11758 | Orc:2    | Paralysed by an orc sorcerer for 6 turns
 11759 | Orc:2    | HP: 1/97 [orc sorcerer/bolt of negative energy (31)]
 11760 | Orc:2    | Killed from afar by an orc sorcerer

Skill      XL: |  1  2  3  4  5  6  7  8  9 10 11 |
---------------+----------------------------------+-----
Fighting       | 4 5 6 7 8 9 |  9.1
Axes           | 3 4 6 7 9 10 12 13 | 13.9
Armour         | 4 5 6 7 9 |  9.7
Shields        | 4 5 6 7 8 9 |  9.7
Dodging        | 1 |  1.2
Evocations     | 1 3 4 |  4.0
Stealth        | |  0.6

Action                   |  1- 3 |  4- 6 |  7- 9 | 10-12 || total
-------------------------+-------+-------+-------+-------++-------
Melee: War axe           |    31 |   242 |       |       ||   273
       Hand axe          |       |    46 |   366 |   225 ||   637
       Broad axe         |       |       |       |   198 ||   198
Evoke: Wand              |       |       |     3 |     3 ||     6
  Use: Scroll            |       |     5 |    15 |     4 ||    24
       Potion            |       |     2 |     2 |     6 ||    10
  Eat: Royal jelly       |       |     1 |     1 |       ||     2
       Meat ration       |       |     2 |     1 |     2 ||     5
       Fruit             |       |       |     3 |       ||     3
       Bread ration      |       |       |       |     1 ||     1
Armor: Scale mail        |    13 |    50 |       |       ||    63
       Plate armour      |       |   148 |   161 |   188 ||   497
Dodge: Dodged            |     6 |    63 |    37 |    72 ||   178
Block: Shield            |    18 |   165 |   155 |   219 ||   557
